 Dungeon Crawl Stone Soup version 0.27.1-37-g7b29ead8ac (webtiles) character file.

Game seed: 12386088773709789653

666 tkbsonic5 the Shield-Bearer (level 7, 0/84 HPs)
             Began as a Formicid Fighter on Sept 18, 2023.
             Slain by an orc warrior (17 damage)
             ... on level 5 of the Dungeon.
             The game lasted 00:13:55 (4432 turns).

tkbsonic5 the Shield-Bearer (Formicid Fighter)      Turns: 4432, Time: 00:13:56

Health: 0/84       AC: 23    Str: 23    XL:     7   Next: 88%
Magic:  7/7        EV:  2    Int:  7    God:
Gold:   82         SH: 10    Dex: 10    Spells: 6/6 levels left

rFire    . . .     SeeInvis .   a - +0 quarterstaff
rCold    . . .     Faith    .   c - +0 kite shield
rNeg     + + +     Spirit   .   (armour currently unavailable)
rPois    +         Reflect  .   (helmet unavailable)
rElec    .         Harm     .   (cloak currently unavailable)
rCorr    .         Rampage  .   (gloves currently unavailable)
Will     .....                  (boots currently unavailable)
Stlth    +.........             (no amulet)
HPRegen  0.24/turn              r - ring of flight
MPRegen  0.10/turn              (no ring)

@: mighty, tree-form (expiring), attractive
A: stationary, stasis, torment immunity, boosted hp, permanent stasis, dig
shafts and tunnels, (antennae 3), four strong arms
a: no special abilities


You were on level 5 of the Dungeon.
You were a tree.
You visited 1 branch of the dungeon, and saw 5 of its levels.

You collected 223 gold pieces.
You spent 141 gold pieces at shops.

Inventory:

Hand Weapons
 a - a +0 quarterstaff (weapon)
Armour
 b - a +0 scale mail
 c - a +0 kite shield (worn)
 g - a +0 pair of gloves (melded)
 t - the -4 cloak of Focus (melded) {rElec Dex-3 Slay+4, DarkRed Lace}
   (You found it on level 4 of the Dungeon)

   Dex:       It affects your dexterity (-3).
   Slay:      It affects your accuracy & damage with ranged weapons and melee
   (+4).
   rElec:     It insulates you from electricity.
 v - the +5 ring mail "Yffifaq" (melded) {rF+ Dex+3}
   (You found it on level 5 of the Dungeon)

   Dex:       It affects your dexterity (+3).
   rF:        It protects you from fire.
Jewellery
 r - a ring of flight (left branch)
Wands
 n - a wand of flame (4) (quivered)
Scrolls
 d - a scroll of blinking
 e - a scroll of identify
 f - a scroll of teleportation
 h - a scroll of vulnerability {unknown}
 i - 2 scrolls of fear
 u - a scroll of enchant weapon {unknown}
Potions
 j - a potion of lignification
 l - a potion of curing
 p - a potion of mutation


   Skills:
 * Level 5.0 Fighting
 * Level 4.3 Staves
 * Level 2.3 Throwing
 * Level 4.7 Armour
 * Level 6.2 Shields
 + Level 1.0 Evocations


You had 6 spell levels left.
You didn't know any spells.
Your spell library contained the following spells:

 Spells                   Type           Power      Damage    Failure   Level
 Ignite Poison            Fire/Tmut/Pois 0%         N/A       94%         3
 Mephitic Cloud           Conj/Pois/Air  0%         N/A       94%         3
 Bolt of Magma            Conj/Fire/Erth 0%         4d4       100%        5


Dungeon Overview and Level Annotations

Branches:
Dungeon (5/15)
 Temple: D:4-7

Altars:
Uskayaw

Shops:
D:4 (**   D:5 =


Innate Abilities, Weirdness & Mutations

You are a tree.
Your roots penetrate the ground, keeping you stationary.
You cannot be teleported.
You are immune to unholy pain and torment.
Your maximum health is greatly increased.
Your equipment is partially melded.
You cannot be hasted, slowed, berserked, paralysed or teleported.
You can dig through walls and to a lower floor.
((You have a pair of large antennae on your head. (SInv)))
Your four strong arms can wield two-handed weapons with a shield.


Message History

The orc warrior is heavily wounded.
Your quokka bites the orc warrior but does no damage.
The orc warrior hits you but does no damage.
Your quokka bites the orc warrior.
You completely miss the orc warrior.
The orc warrior is heavily wounded.
You block the orc warrior's attack.
Your quokka barely misses the orc warrior.
The orc warrior hits you but does no damage.
You closely miss the orc warrior.
The orc warrior is heavily wounded.
Your quokka closely misses the orc warrior.
The orc warrior hits you but does no damage.
Your quokka closely misses the orc warrior.
You hit the orc warrior.
The orc warrior is severely wounded.
Your quokka misses the orc warrior.
The orc warrior hits you with a +0 glaive.
* * * LOW HITPOINT WARNING * * *
You barely miss the orc warrior.
The orc warrior is severely wounded.
Your quokka barely misses the orc warrior.
The orc warrior barely misses you.
Your quokka closely misses the orc warrior.
You hit the orc warrior.
The orc warrior is severely wounded.
Your transformation is almost over.
You block the orc warrior's attack.
Your quokka closely misses the orc warrior.
You barely miss the orc warrior.
The orc warrior is severely wounded.
Your quokka bites the orc warrior.
The orc warrior hits your quokka with a +0 glaive!
Your quokka dies!
Your quokka's corpse dissolves into shadows!
The orc warrior hits your centaur from afar with a +0 glaive!
You completely miss the orc warrior.
The orc warrior is almost dead.
The orc warrior hits you with a +0 glaive!
You die...

. .# .# .#
#############
.###...........###
...............Zc#
......##########♣#
......# # #o##
......# ###. #..#
......# ...## #).#
......#
.##.o.##..#
.####.#
#.(.8.8#..# .# #.#
#..#...#..# .# #.#
...o$$.)(.# .#
..###..#..#


You could see an orc warrior (ally target), a friendly centaur (summoned) and a
friendly hound zombie (summoned).

Vanquished Creatures
  2 scorpions
  A bullfrog zombie (D:5)
  An orc priest (D:5)
  A bullfrog skeleton (D:5)
  2 hounds
  2 iguanas (D:4)
  4 orc wizards
  A hound skeleton (D:4)
  7 adders
  8 gnolls
  An ufetubus (D:4)
  2 dart slugs
  14 orcs
  An endoplasm (D:3)
  3 giant cockroaches
  8 goblins
  4 hobgoblins
  2 jackals (D:2)
  5 quokkas
  6 ball pythons
  5 bats
  7 kobolds
  3 rats
90 creatures vanquished.

Notes
Turn   | Place    | Note
-------+----------+-------------------------------------------
     0 | D:1      | tkbsonic5 the Formicid Fighter began the quest for the Orb.
     0 | D:1      | Reached XP level 1. HP: 18/18 MP: 1/1
   262 | D:1      | Reached XP level 2. HP: 8/24 MP: 2/2
   745 | D:1      | Reached skill level 4 in Shields
   869 | D:1      | You fall into a shaft and drop 1 floor!
   989 | D:2      | Reached XP level 3. HP: 28/29 MP: 3/3
  1493 | D:3      | Reached XP level 4. HP: 6/36 MP: 4/4
  1758 | D:3      | Found a faded altar of an unknown god.
  1778 | D:3      | Reached skill level 1 in Throwing
  1778 | D:3      | Reached XP level 5. HP: 35/42 MP: 5/5
  1901 | D:3      | Found a hide-covered altar of Uskayaw.
  1996 | D:3      | Reached skill level 5 in Shields
  2622 | D:4      | Found Acepn's General Store.
  2625 | D:4      | Found Bysaafi's Assorted Antiques.
  2640 | D:4      | Reached XP level 6. HP: 47/48 MP: 6/6
  2810 | D:4      | Bought a yellow potion for 18 gold pieces
  2810 | D:4      | Bought a sedimented orange potion for 18 gold pieces
  2810 | D:4      | Bought a steel ring for 105 gold pieces
  2892 | D:4      | Found Leusmuda's Magic Scroll Emporium.
  2896 | D:4      | Identified the -4 cloak of Focus {rElec Dex-3 Slay+4}
  2913 | D:4      | Found Ageisies's Antique Weapon Boutique.
  3251 | D:4      | Reached XP level 7. HP: 54/55 MP: 7/7
  3516 | D:5      | Entered Level 5 of the Dungeon
  3516 | D:5      | Found Tagg's Jewellery Shoppe.
  3533 | D:5      | Found a sand-covered staircase.
  3889 | D:5      | Reached skill level 6 in Shields
  4350 | D:5      | Identified the +5 ring mail "Yffifaq" {rF+ Dex+3}
  4409 | D:5      | Reached skill level 1 in Evocations
  4412 | D:5      | Reached skill level 5 in Fighting
  4432 | D:5      | Slain by an orc warrior

Illustrated notes

Levels and vault maps discovered:
D:1:      wander_arrival_desolate, layout_loops_ring, feat_on_display
D:2:      layout_rooms, small_statue_intersection, minmay_domino_2
D:3:      layout_basic, mainiacjoe_overflow_surrounded_room,
          dreamdust_ecumenical_altar_statues
D:4:      layout_basic, serial_shops, shop, shop, nicolae_shop_crystal,
          nicolae_shop_temple_entry_statues_fountains
D:5:      layout_basic, nicolae_ossuary_entry_false_entrances,
          minmay_shop_enchanted_jewellery, chequers_serial_rivers_small_3,
          guppyfry_early_orc_mine

Skill      XL: |  1  2  3  4  5  6  7 |
---------------+----------------------+-----
Shields        | 4 5 6 |  6.2
Throwing       | 1 2 |  2.3
Staves         | 3 4 |  4.3
Fighting       | 4 5 |  5.0
Armour         | 4 |  4.7
Evocations     | 1 |  1.0

Action                   |  1- 3 |  4- 6 |  7- 9 || total
-------------------------+-------+-------+-------++-------
Melee: Quarterstaff      |    79 |   102 |    45 ||   226
Throw: Javelin           |    10 |    32 |     9 ||    51
       Throwing net      |       |     2 |       ||     2
 Abil: Dig               |     3 |       |       ||     3
Evoke: Wand              |       |       |     9 ||     9
  Use: Scroll            |     1 |     1 |     8 ||    10
       Potion            |     1 |       |     6 ||     7
Armor: Scale mail        |    35 |    49 |     8 ||    92
       Skin              |       |       |    12 ||    12
       Ring mail         |       |       |     1 ||     1
Dodge: Dodged            |    25 |    26 |     5 ||    56
Block: Kite shield       |    43 |    65 |    32 ||   140
